 Dungeon Crawl Stone Soup version 0.31.0-7-gf635a9b802 (webtiles) character file.

Game seed: 4591769998120493901

5327 olmar the Geomancer (level 10, -2/69 HPs)
             Began as a Demigod Earth Elementalist on Jan 24, 2024.
             Constricted to death by Erica (4 damage)
             ... on level 10 of the Dungeon.
             The game lasted 00:13:36 (10464 turns).

olmar the Geomancer (Demigod Earth Elementalist)   Turns: 10464, Time: 00:13:36

Health: -2/69      AC: 12    Str:  9    XL:     10   Next: 16%
Magic:  10/27      EV: 13    Int: 31    God:
Gold:   371        SH:  0    Dex: 14    Spells: 8/27 levels left

rFire   . . .        t - +0 whip (flame)
rCold   . . .        (no shield)
rNeg    . . .        P - +0 troll leather armour
rPois   .            (no helmet)
rElec   +            d - +0 cloak
rCorr   .            y - +1 pair of gloves "Ogrup" {Rampage Will+}
SInv    +            f - +1 pair of boots
Will    ++...        (no amulet)
Stlth   ++           c - ring "Vocledaq" {rElec EV+5 Int+2 SInv}
HPRegen 1.11/turn    q - +4 ring of protection
MPRegen 0.20/turn

%: rampage
@: lethally poisoned (-2 -> -10), constricted
A: high MP 1, forlorn, divine attributes
a: no special abilities


You were on level 10 of the Dungeon.
You visited 1 branch of the dungeon, and saw 8 of its levels.
You also visited: Sewer and Ossuary.

You collected 371 gold pieces.

Inventory:

Hand Weapons
 t - a +0 whip of flaming (weapon)
Missiles
 h - 3 datura-tipped darts
 m - 2 throwing nets
 x - 4 poisoned darts
Armour
 a - a +0 robe
 d - a +0 cloak (worn)
 f - a +1 pair of boots (worn)
 y - the +1 pair of gloves "Ogrup" (worn) {Rampage Will+}
   (You acquired it on level 7 of the Dungeon)

   Will+:     It increases your willpower.
   Rampage:   It bestows one free step when moving towards enemies.
 N - +0 ice dragon scales
 P - a +0 troll leather armour (worn)
Jewellery
 c - the ring "Vocledaq" (left hand) {rElec EV+5 Int+2 SInv}
   (You acquired it on level 7 of the Dungeon)

   [ring of evasion]

   EV+5:      It affects your evasion (+5).
   Int+2:     It affects your intelligence (+2).
   rElec:     It insulates you from electricity.
   SInv:      It lets you see invisible.
 i - a ring of positive energy
 q - a +4 ring of protection (right hand)
 I - a ring of magical power
 Q - a ring of fire
 R - a ring of resist corrosion
Wands
 o - a wand of iceblast (15)
 s - a wand of light (5)
 O - a wand of flame (5)
Scrolls
 e - 4 scrolls of fog
 l - 2 scrolls of blinking
 n - 2 scrolls of immolation
 p - 2 scrolls of revelation
 r - a scroll of enchant weapon
 u - 3 scrolls of poison
 w - a scroll of silence
 B - 2 scrolls of teleportation
 E - 2 scrolls of amnesia {unknown}
 G - 2 scrolls of noise {unknown}
 K - a scroll of summoning {unknown}
 M - 3 scrolls of identify
Potions
 b - a potion of magic
 g - 5 potions of brilliance
 j - 6 potions of curing
 k - 2 potions of haste
 v - 3 potions of degeneration {unknown}
 z - a potion of lignification {unknown}
 A - a potion of cancellation {unknown}
 C - 2 potions of invisibility {unknown}
 D - 4 potions of might {unknown}
 F - 2 potions of attraction {unknown}
 H - a potion of ambrosia {unknown}
 J - a potion of heal wounds
 L - a potion of mutation {unknown}


   Skills:
 - Level 1.7 Dodging
 - Level 1.7 Stealth
 + Level 9.1 Spellcasting
 + Level 5.1 Conjurations
 + Level 0.6 Summonings
 + Level 9.4 Earth Magic


You had 8 spell levels left.
You knew the following spells:

 Your Spells              Type           Power      Damage    Failure   Level
a - Sandblast             Erth           100%       2d20      1%          1
b - Stone Arrow           Conj/Erth      100%       3d13      1%          3
c - Passwall              Erth           64%        N/A       1%          3
d - Animate Armour        Summ/Erth      90%        N/A       6%          4
e - Brom's Barrelling Bo  Conj/Erth      56%        2d7       2%          4
f - Petrify               Alch/Erth      43%        N/A       7%          4

Your spell library contained the following spells:

 Spells                   Type           Power      Damage    Failure   Level
 Magic Dart               Conj           100%       1d8       1%          1
 Shock                    Conj/Air       100%       1d9       1%          1
 Sting                    Conj/Alch      100%       1d9       1%          1
 Static Discharge         Conj/Air       60%        3-6/arc   2%          2
 Summon Small Mammal      Summ           72%        N/A       3%          1
 Apportation              Tloc           28%        N/A       4%          1
 Necrotise                Necr           56%        1d6       4%          1
 Call Imp                 Summ           36%        N/A       6%          2
 Blink                    Tloc           28%        N/A       8%          2
 Lesser Beckoning         Tloc           28%        N/A       8%          2
 Gell's Gravitas          Tloc           14%        N/A       16%         3
 Ozocubu's Armour         Ice            14%        N/A       16%         3
 Swiftness                Air            14%        N/A       16%         3
 Teleport Other           Tloc           14%        N/A       16%         3
 Summon Lightning Spire   Summ/Air       16%        N/A       41%         4
 Airstrike                Air            7%         2d(1-17)  45%         4
 Metabolic Englaciation   Hex/Ice        7%         N/A       80%         5
 Sculpt Simulacrum        Ice/Alch       7%         N/A       100%        6
 Lehudib's Crystal Spear  Conj/Erth      28%        10d7      100%        8


Dungeon Overview and Level Annotations

Branches:
Dungeon (10/15)            Temple (0/1) D:6            Lair (0/5) D:10
  Sewer (visited)         Ossuary (visited)
    Orc: D:9-12

Annotations:
D:4 2 transporters
D:6 1 runed translucent door, Crazy Yiuf, Jeremiah
D:10 Erica


Innate Abilities, Weirdness & Mutations

You have an increased reservoir of magic. (+10% MP)
You shall have no god before yourself.
Your divine heritage dramatically boosts your attributes as you level up.


Message History

You open the door. You open the door.
There is an open door here.
You see here 6 stones.
Erica the Fiery-Tempered comes into view.
She is wielding a +0 scimitar of flaming.
Erica is nearby!
Unknown command.
You rampage towards Erica!
You can't see any susceptible monsters within range! (Use Z to cast anyway.)
You rampage towards Erica!
The stone arrow hits Erica!!
Erica is moderately wounded.
Erica shouts!
The stone arrow misses Erica.
The stone arrow misses Erica.
Erica casts a spell.
Erica flickers and vanishes for a moment.
The stone arrow misses Erica.
Erica hits you with a +0 scimitar of flaming!
Erica burns you. Erica grabs you. Erica constricts you.
The stone arrow misses Erica.
Erica hits you with a +0 scimitar of flaming.
Erica burns you. Erica constricts you.
The stone arrow misses Erica.
Erica hits you with a +0 scimitar of flaming!
Erica burns you. Erica constricts you.
You are too injured to fight recklessly!
Unknown command.
You are too injured to fight recklessly!
Aiming: Bolt of Light
Press: ? - help, Shift-Dir - straight line, f/p - Erica
Aim: Erica, wielding a +0 scimitar of flaming and wearing an amulet of guardian spirit (moderately wounded, constricting you, slightly transparent, 57% to hit)
The bolt of light misses Erica.
Erica stares at you and mumbles some strange words.
The bolt of poison hits you!!
You are poisoned.
* * * LOW HITPOINT WARNING * * *
Erica constricts you.
You die...
Erica begins burbling mirthfully and uncontrollably.

###################
#..(..........)...#
#...........).)....
#.x#######'#######.
#.@# #.# #. #..#
#####.##### #. ##..#
#...'.'...# #. #...#
#.###.###.# #. #.#.#
#.# #.# #.# #.
#.#.###'###.###'###.
#.#.'.............'.
#.#.###'###.###'###.
### ###.#.# #.# #.#
#.# #.


You could see Erica (invisible).

Vanquished Creatures
  Pikel (D:6)
  A rime drake (D:10)
  A troll (D:10)
  A shadow (D:10)
  Duvessa (D:6)
  8 ice beasts
  4 black bears
  4 ogres
  A sky beast (D:6)
  4 wolves (D:10)
  A phantom (D:6)
  2 lemures (D:6)
  A weeping skull (D:4)
  3 bullfrogs (D:7)
  A gnoll sergeant (D:5)
  6 scorpions
  Dowan (D:6)
  2 gnoll boudas
  4 centaur zombies (Ossuary)
  4 bombardier beetles
  5 hounds
  3 human zombies (Ossuary)
  2 sleepcaps
  5 orc wizards
  6 iguanas
  A hell rat (Sewer)
  4 scorpion zombies (Ossuary)
  Terence (D:2)
  3 mummies (Ossuary)
  19 gnolls
  12 adders
  A river rat (D:5)
  A white imp (D:5)
  2 ufetubi (D:7)
  3 adder zombies (Ossuary)
  2 ribbon worms
  3 dart slugs
  22 orcs
  3 bats
  9 endoplasms
  2 giant cockroaches
  3 gnoll zombies (Ossuary)
  6 goblins
  14 hobgoblins
  3 jackals (D:2)
  5 kobolds
  4 quokkas
  7 ball pythons
  3 jackal zombies (Ossuary)
  2 orc zombies (Ossuary)
  11 rats
  A spectral orc (D:4)
219 creatures vanquished.

Notes
Turn   | Place    | Note
-------+----------+-------------------------------------------
     0 | D:1      | olmar the Demigod Earth Elementalist began the quest for
                  | the Orb.
     0 | D:1      | Reached XP level 1. HP: 14/14 MP: 5/5
   454 | D:1      | Reached XP level 2. HP: 20/20 MP: 5/7
  1295 | D:2      | Reached XP level 3. HP: 26/26 MP: 6/9
  1347 | D:2      | Learned a level 3 spell: Stone Arrow
  1351 | D:2      | Learned a level 3 spell: Passwall
  1659 | D:2      | Reached XP level 4. HP: 30/33 MP: 6/11
  2114 | D:2      | Noticed Terence
  2117 | D:2      | Killed Terence
  2225 | D:2      | Reached XP level 5. HP: 38/38 MP: 11/13
  2774 | D:3      | Learned a level 4 spell: Animate Armour
  3390 | D:4      | Reached XP level 6. HP: 45/45 MP: 11/15
  3558 | D:4      | Found a transporter.
  3719 | D:4      | Noticed a toenail golem
  3728 | D:4      | Reached skill level 5 in Earth Magic
  3748 | D:4      | Reached skill level 5 in Spellcasting
  3850 | D:4      | Noticed a small abomination
  3861 | D:4      | Found a transporter.
  4108 | D:4      | Reached XP level 7. HP: 50/50 MP: 14/18
  4693 | D:5      | Entered Level 5 of the Dungeon
  4825 | D:5      | Reached skill level 1 in Conjurations
  4872 | D:5      | Found a glowing drain.
  4884 | Sewer    | Entered a sewer
  5059 | D:5      | Learned a level 4 spell: Brom's Barrelling Boulder
  5221 | D:5      | Reached XP level 8. HP: 57/57 MP: 14/21
  6126 | D:6      | Noticed Jeremiah
  6353 | D:6      | Noticed Dowan
  6354 | D:6      | Noticed Duvessa
  6357 | D:6      | Killed Dowan
  6364 | D:6      | Killed Duvessa
  6610 | D:6      | Found a staircase to the Ecumenical Temple.
  7235 | D:6      | Noticed Pikel
  7245 | D:6      | Killed Pikel
  7246 | D:6      | Reached XP level 9. HP: 52/62 MP: 1/25
  7802 | D:6      | Found a runed translucent door.
  7803 | D:6      | Noticed Crazy Yiuf
  7890 | D:6      | Learned a level 4 spell: Petrify
  7997 | D:7      | Found a sand-covered staircase.
  8002 | Ossuary  | Entered an ossuary
  9073 | D:7      | Identified 2 scrolls of acquirement
  9077 | D:7      | Acquired the ring "Vocledaq" {rElec EV+5 Int+2 SInv}
  9081 | D:7      | Acquired the +1 pair of gloves "Ogrup" {Rampage Will+}
  9650 | D:7      | You fall into a shaft and drop 3 floors!
  9650 | D:10     | Entered Level 10 of the Dungeon
  9686 | D:10     | Noticed a rime drake
  9688 | D:10     | Found a staircase to the Lair.
  9741 | D:10     | Killed a rime drake
  9742 | D:10     | Reached XP level 10. HP: 69/69 MP: 8/27
 10006 | D:10     | Reached skill level 5 in Conjurations
 10455 | D:10     | Noticed Erica
 10464 | D:10     | HP: 2/69 [Erica/bolt of poison (24)]
 10464 | D:10     | Constricted to death by Erica

Illustrated notes

Levels and vault maps discovered:
D:1:      erik_arrival_cave_to_civilisation [erik_arrival_cave_to_hall],
          layout_basic, nicolae_titane
D:2:      minmay_diamond_boxcup, layout_basic, st_stairs_10, uniq_terence
D:3:      layout_loops_cross, hellmonk_overflow_destroyed_library
D:4:      layout_basic, yredelemnul_forgotten_temple_becter,
          gammafunk_ghost_abyssal_escape, nicolae_underground_beach
D:5:      layout_loops_ring, lightli_sewer_entry_pipes
D:6:      layout_basic, mainiacjoe_overflow_paths,
          minmay_temple_entry_antechambers, uniq_crazy_yiuf_cottage,
          uniq_duvessa, uniq_jeremiah, uniq_pikel
D:7:      layout_gridville, mainiacjoe_overflow_brackets, enter_ossuary_5
D:10:     layout_rooms, hellmonk_lair_entry_icy, minmay_door_square, uniq_erica

Skill      XL: |  1  2  3  4  5  6  7  8  9 10 |
---------------+-------------------------------+-----
Earth Magic    | 3 4 5 6 8 9 |  9.4
Spellcasting   | 2 3 4 5 6 7 8 9 |  9.1
Conjurations   | 1 3 4 5 |  5.1
Dodging        | |  1.7
Stealth        | |  1.7
Summonings     | |  0.6

Action                     |  1- 3 |  4- 6 |  7- 9 | 10-12 || total
---------------------------+-------+-------+-------+-------++-------
  Melee: Unarmed           |    21 |     3 |     4 |       ||    28
         Whip              |       |       |    12 |       ||    12
   Cast: Sandblast         |    47 |   119 |    48 |     1 ||   215
         Stone Arrow       |       |       |   146 |    21 ||   167
         Animate Armour    |       |       |     1 |       ||     1
         Passwall          |       |       |     1 |       ||     1
  Evoke: Wand              |       |       |    28 |     1 ||    29
    Use: Scroll            |     4 |     4 |    10 |       ||    18
         Potion            |       |       |     1 |       ||     1
 Armour: Robe              |    23 |    33 |    73 |       ||   129
         Troll leather arm |       |       |     9 |     4 ||    13
  Dodge: Dodged            |    35 |    47 |    81 |       ||   163
